 Dungeon Crawl Stone Soup version 0.21-a0-28-g9a7844a (webtiles) character file.

784 JeffiDaFish the Shield-Bearer (level 7, -6/44 HPs)
             Began as a Gargoyle Fighter on May 25, 2017.
             Mangled by a two-headed ogre
             ... wielding a +0 giant spiked club
              (8 damage)
             ... on level 6 of the Dungeon.
             The game lasted 00:06:54 (4235 turns).

JeffiDaFish the Shield-Bearer (Gargoyle Fighter)    Turns: 4235, Time: 00:06:55

Health: -6/44      AC: 14    Str: 24    XL:     7   Next: 86%
Magic:  7/7        EV:  7    Int:  9    God:
Gold:   173        SH: 11    Dex: 11    Spells: 6/6 levels left

rFire    + . .     SeeInvis .   a - +1 flail
rCold    . . .     Gourm    .   c - +1 shield
rNeg     + . .     Faith    .   r - +0 chain mail
rPois    ∞         Spirit   .   (no helmet)
rElec    +         Reflect  .   (no cloak)
rCorr    .         Harm     .   (no gloves)
MR       .....                  (no boots)
Stlth    ..........             (no amulet)
Regen    0.2/turn               e - ring of protection from fire
MPRegen  0.1/turn               (no ring)

@: mighty
A: negative energy resistance 1, electricity resistance, unbreathing,
petrification resistance, rot immunity, AC +4
a: no special abilities


You were on level 6 of the Dungeon.
You were not hungry.

You visited 1 branch of the dungeon, and saw 6 of its levels.

You collected 173 gold pieces.

Inventory:

Hand Weapons
 a - a +1 flail (weapon)
Armour
 c - a +1 shield (worn)
 r - a +0 chain mail (worn)
Jewellery
 e - a ring of protection from fire (left hand)
Wands
 n - a wand of enslavement (10/24)
Scrolls
 g - 2 scrolls of teleportation
 i - 2 scrolls of remove curse
 l - 2 scrolls of identify
 p - 2 scrolls of enchant armour
 q - 2 scrolls of enchant weapon
Potions
 d - 2 potions of might
 h - 3 potions of curing
 m - 2 potions of haste
Comestibles
 b - 2 chunks of flesh
 f - 4 bread rations
 j - a royal jelly
 k - a meat ration


   Skills:
 + Level 4.8 Fighting
 + Level 5.4 Maces & Flails
 + Level 5.1 Armour
 + Level 1.5 Dodging
 + Level 0.2 Stealth
 + Level 5.5 Shields


You had 6 spell levels left.
You didn't know any spells.

Dungeon Overview and Level Annotations

Branches:
Dungeon (6/15)
 Temple: D:4-7

Altars:
Gozag

Shops:
D:5 (


Innate Abilities, Weirdness & Mutations

You are resistant to torment.
Your stone body is resilient. (AC +4)
You are immune to poison.
You resist negative energy. (rN+)
You are resistant to electric shocks. (rElec)
You can survive without breathing.
You are immune to petrification.
You are immune to rotting.


Message History

The two-headed ogre is lightly wounded.
The two-headed ogre hits you but does no damage.
The two-headed ogre hits you with a giant spiked club!
You thump the two-headed ogre!
The two-headed ogre is moderately wounded.
You block the two-headed ogre's attack.
The two-headed ogre hits you with a giant spiked club.
You hit the two-headed ogre.
The two-headed ogre is moderately wounded.
You block the two-headed ogre's attack.
The two-headed ogre hits you with a giant spiked club!!
* * * LOW HITPOINT WARNING * * *
Your shield and chain mail prevent you from hitting the two-headed ogre.
The two-headed ogre is moderately wounded.
The two-headed ogre hits you but does no damage.
You block the two-headed ogre's attack.
You bludgeon the two-headed ogre!!
The two-headed ogre is severely wounded.
The two-headed ogre hits you with a giant spiked club!
You die...

###
#########.#
#.........#
#.#######.#
#.# #.#
#.#######.#
#@#.......#
#O#.#######
......(.#.#
.?......#.#
...>....#.#
#.....#.#.#
#.....#?#.#
#.....#.#.#
#.....#?#.#


You could see a two-headed ogre.

Vanquished Creatures
  A black bear (D:6)
  An ice beast (D:5)
  A phantom (D:4)
  An ogre (D:6)
  A bullfrog (D:5)
  A crimson imp (D:3)
  2 hounds
  A centaur skeleton (D:4)
  An orc priest (D:4)
  2 worker ants
  Terence (D:3)
  4 adders
  An ooze (D:1)
  3 worms
  3 dart slugs
  3 leopard geckos
  17 orcs
  2 ball pythons
  6 giant cockroaches
  7 goblins
  10 hobgoblins
  3 bats
  5 frilled lizards
  8 kobolds
  5 rats
90 creatures vanquished.

Notes
Turn   | Place    | Note
-------+----------+-------------------------------------------
     0 | D:1      | JeffiDaFish the Gargoyle Fighter began the quest for the Orb.
     0 | D:1      | Reached XP level 1. HP: 14/14 MP: 1/1
   141 | D:1      | Reached XP level 2. HP: 14/19 MP: 2/2
   334 | D:1      | Reached XP level 3. HP: 22/24 MP: 3/3
  1111 | D:2      | Found a faded altar of an unknown god.
  1417 | D:3      | Reached XP level 4. HP: 29/29 MP: 4/4
  1708 | D:3      | Reached XP level 5. HP: 29/33 MP: 5/5
  1727 | D:3      | Noticed Terence
  1734 | D:3      | Killed Terence
  2551 | D:4      | Found an opulent altar of Gozag.
  2650 | D:4      | Reached XP level 6. HP: 39/39 MP: 6/6
  2676 | D:4      | Found an opulent altar of Gozag.
  2801 | D:4      | Noticed a phantom
  2851 | D:4      | Killed a phantom
  2851 | D:4      | Reached skill level 1 in Dodging
  3218 | D:5      | Entered Level 5 of the Dungeon
  3218 | D:5      | Found Pamm's Antique Weapon Shoppe.
  3364 | D:5      | Reached XP level 7. HP: 44/44 MP: 7/7
  3607 | D:5      | Reached skill level 5 in Armour
  3697 | D:5      | Reached skill level 5 in Shields
  4221 | D:6      | Noticed a two-headed ogre
  4228 | D:6      | Reached skill level 5 in Maces & Flails
  4233 | D:6      | HP: 1/44 [two-headed ogre/giant spiked club (19)]
  4235 | D:6      | Mangled by a two-headed ogre

Vault maps used:
D:1:      lightli_arrival_chessboard, serial_curves, eino_curves_04,
          eino_curves_03, minmay_distorted
D:2:      chequers_ecumenical_altar_simple_redux
D:3:      uniq_terence
D:4:      lemuel_coloured_pillars_altar, minmay_parallelograms,
          minmay_misc_feat_iff, grunt_gozag_breadcrumbs
D:5:      corexii_shack_village, serial_shops, shop, first_bread
D:6:      minmay_temple_entry_hall

Skill      XL: |  1  2  3  4  5  6  7 |
---------------+----------------------+-----
Fighting       | 4 |  4.8
Maces & Flails | 3 4 5 |  5.4
Armour         | 4 5 |  5.1
Shields        | 4 5 |  5.5
Dodging        | 1 |  1.5
Stealth        | |  0.2

Action                   |  1- 3 |  4- 6 |  7- 9 || total
-------------------------+-------+-------+-------++-------
Melee: Flail             |   107 |   171 |    79 ||   357
  Use: Scroll            |     5 |     2 |       ||     7
       Potion            |     4 |     1 |     1 ||     6
  Eat: Chunk             |     2 |     6 |     3 ||    11
Armor: Scale mail        |    45 |    90 |       ||   135
       Skin              |       |     5 |       ||     5
       Chain mail        |       |       |    38 ||    38
Dodge: Dodged            |    21 |    41 |    18 ||    80
Block: Shield            |    53 |    92 |    42 ||   187
